AoeStats
← Joseph.da98

Fortress

510166072Analyzed
4v4 RM · 2d ago on Sep 29, 2026· 25m 7s· 8 players
Game mode
Random Map
Map size
Huge
Population
200
Speed
Normal
Resources
Standard
Victory
Conquest
Starting age
Dark Age
Ending age
Imperial Age
RankedLock teamsTeams togetherTeam positionsShared explorationLock speedFull tech treeHidden civsTurbo modeCheats
Victory
Defeat
🇩🇪 Mapuche · Germany
1218
+12
🇩🇪 Celts · Germany
1202
+13
🇩🇪 Vikings · Germany
1147
+15
🇩🇪 Khitans · Germany
1106
+16
🇨🇿 Chinese · Czechia
1156
-15
🇳🇴 Tatars · Norway
1138
-15
🇹🇷 Hindustanis · Türkiye
1134
-14
🇳🇴 Portuguese · Norway
1084
-12
Nuhro
8:24 Feudal Age
12:25 Castle Age
10:13 Double-Bit Axe
12:07 Gold Mining
13:37 Bow Saw
14:16 Horse Collar
16:18 Wheelbarrow
16:53 Heavy Plow
20:07 Stone Mining
21:34 Gold Shaft Mining
25:50 Imperial Age
23:07 Loom
24:45 Stone Shaft Mining
K!
6:09 Loom
7:56 Feudal Age
13:32 Castle Age
12:02 Double-Bit Axe
12:05 Horse Collar
14:22 Bow Saw
15:24 Heavy Plow
19:23 Wheelbarrow
19:56 Padded Archer Armor
21:13 Hand Cart
26:27 Imperial Age
TheShade
1:30 Loom
8:06 Feudal Age
12:09 Castle Age
12:24 Double-Bit Axe
12:21 Horse Collar
14:07 Wheelbarrow
14:31 Bow Saw
15:48 Heavy Plow
17:58 Gold Mining
20:17 Wheelbarrow
19:59 Stone Mining
20:48 Gold Shaft Mining
20:47 Town Watch
23:21 Great Wall
26:56 Imperial Age
24:31 Fletching
24:51 Forging
Floki
7:22 Feudal Age
11:36 Castle Age
9:47 Double-Bit Axe
10:15 Horse Collar
11:52 Stone Mining
13:13 Wheelbarrow
12:48 Loom
14:44 Heavy Plow
17:54 Bloodlines
18:25 Forging
22:35 Scale Barding Armor
opus DEPPUS
7:51 Feudal Age
11:23 Castle Age
9:56 Double-Bit Axe
9:54 Horse Collar
10:11 Gold Mining
19:02 Wheelbarrow
19:18 Bow Saw
20:45 Fletching
21:24 Bodkin Arrow
22:19 Padded Archer Armor
22:42 Forging
22:37 Heavy Plow
28:05 Imperial Age
25:58 Leather Archer Armor
Schlensen
8:07 Feudal Age
12:13 Castle Age
10:04 Double-Bit Axe
11:36 Horse Collar
12:47 Loom
14:11 Scale Mail Armor
14:23 Forging
18:11 Chain Mail Armor
19:25 Iron Casting
22:21 Bow Saw
23:07 Wheelbarrow
LoarBure123
6:49 Feudal Age
7:20 Feudal Age
11:54 Castle Age
11:37 Double-Bit Axe
11:35 Domestication
15:07 Bow Saw
14:55 Loom
15:58 Gold Mining
16:52 Wheelbarrow
16:03 Town Watch
20:09 Stone Mining
22:13 Pastoralism
26:21 Imperial Age
24:12 Forging
24:03 Scale Mail Armor
24:55 Hand Cart
Joseph.da98
7:38 Feudal Age
8:41 Double-Bit Axe
14:03 Castle Age
14:39 Loom
15:46 Bow Saw
16:35 Horse Collar
18:44 Gold Mining
18:45 Stone Mining
20:02 Scale Mail Armor
20:12 Forging
23:30 Imperial Age
24:06 Heavy Plow
24:50 Chain Mail Armor
25:10 Iron Casting
Connection lost

Rejoining the realm…

Still unreachable

The connection could not be restored.

Session expired

The server has moved on; the page needs a fresh start.